 Dungeon Crawl Stone Soup version 0.31-a0-89-g637a80eef8 (webtiles) character file.

Game seed: 13200711557839064128

78 Colgate the Magician (level 4, -4/33 HPs)
             Began as a Meteoran Necromancer on May 25, 2023.
             Slain by an orc priest
             ... wielding a +0 heavy flail
              (15 damage)
             ... on level 4 of the Dungeon.
             The game lasted 00:06:08 (404 turns).

Colgate the Magician (Meteoran Necromancer)          Turns: 404, Time: 00:06:08

Health: -4/33      AC:  6    Str: 10    XL:     4   Next: 93%
Magic:  12/12      EV: 12    Int: 18    God:
Gold:   50         SH:  0    Dex: 14    Spells: 5/13 levels left

rFire   . . .        c - +0 war axe
rCold   . . .        (no shield)
rNeg    . . .        a - +0 robe
rPois   .            (no helmet)
rElec   .            (no cloak)
rCorr   .            (no gloves)
SInv    .            (no boots)
Will    .....        (no amulet)
Stlth   +            k - +4 ring of protection
HPRegen 0.25/turn    (no ring)
MPRegen 0.13/turn

%: no passive effects
@: glowing
A: sense surroundings 1, otherworldly, glowing, explore regen
a: no special abilities


You were on level 4 of the Dungeon.
You visited 1 branch of the dungeon, and saw 5 of its levels.

You collected 50 gold pieces.

Inventory:

Hand Weapons
 c - a +0 war axe (weapon)
 f - a +0 spear
Armour
 a - a +0 robe (worn)
Jewellery
 k - a +4 ring of protection (left hand)
Scrolls
 d - a scroll of fog {unknown}
 i - a scroll of identify {unknown}
 j - a scroll of fear {unknown}
Potions
 e - 2 potions of degeneration {unknown}
 g - 2 potions of haste {unknown}
 h - a potion of might {unknown}
 l - a potion of enlightenment {unknown}


   Skills:
 - Level 2.4 Dodging
 - Level 1.4 Stealth
 - Level 5.0 Spellcasting
 + Level 4.9 Necromancy


You had 5 spell levels left.
You knew the following spells:

 Your Spells              Type           Power      Damage    Failure   Level
a - Necrotise             Necr           88%        1d8       1%          1
b - Vampiric Draining     Necr           22%        2d7       5%          3
c - Animate Dead          Necr           22%        N/A       17%         4

Your spell library contained the following spells:

 Spells                   Type           Power      Damage    Failure   Level
 Agony                    Necr           22%        N/A       43%         5


Dungeon Overview and Level Annotations

Branches:
Dungeon (5/15) Zot: 2590   Temple (0/1) D:4

Altars:


Innate Abilities, Weirdness & Mutations

You passively map a small area around you.
You are easily found by Zot.
You glow in the dark.
You regain HP and MP as you explore.


Message History

You hit the hound. The hound bites you. The hound misses you.
Your Spellcasting skill increases to level 5!
Casting: Vampiric Draining (quite dangerous; 7% risk of failure)
Aiming: Vampiric Draining (quite dangerous; 7% risk of failure)
Aim: a hound (heavily wounded)
You draw life force from the hound!
You feel life coursing into your body. The hound misses you.
The hound bites you.
Casting: Vampiric Draining (quite dangerous; 7% risk of failure)
Aiming: Vampiric Draining (quite dangerous; 7% risk of failure)
Aim: a hound (almost dead)
You draw life force from the hound!
You kill the hound!
You feel life coursing into your body.
Unknown command.
Unknown command.
Items here: ( ) [ †.
You see here a +0 hand axe.
Found 6 boomerangs.
An orc priest comes into view. It is wielding a +0 heavy flail.
Found a staircase to the Ecumenical Temple.
The orc priest shouts!
The orc priest calls down the wrath of Beogh upon you.
Beogh smites you!
The orc priest hits you with a +0 heavy flail!
Casting: Vampiric Draining (dangerous; 5% risk of failure)
Aiming: Vampiric Draining (dangerous; 5% risk of failure)
Aim: an orc priest, wielding a +0 heavy flail You draw life force from the orc priest.
You feel life coursing into your body.
Casting: Vampiric Draining (dangerous; 5% risk of failure)
Aiming: Vampiric Draining (dangerous; 5% risk of failure)
Aim: an orc priest, wielding a +0 heavy flail (lightly wounded)
You draw life force from the orc priest!
You feel life coursing into your body.
The orc priest hits you with a +0 heavy flail.
Casting: Vampiric Draining (dangerous; 5% risk of failure)
You don't have enough magic to cast this spell.
Magic courses through your body.
The orc priest hits you with a +0 heavy flail!
You die...

#...##)[###+##....#......
,
,#...)>............#......
+...).............#######
+ ##..##########.....#
..###..######..##.....#
.............(..########
................# ,, *
...###+#####....+,> , * #+
*,, ,#@...#, ,, ,* * * ,
#o...# , , * , ,,#.>..# ,
,#....# , * , ###+## , * ,
, , , , , , , ,, ,


You could see an orc priest.

Vanquished Creatures
  2 hounds (D:4)
  4 orcs (D:4)
  2 endoplasms
  A giant cockroach (D:1)
  A goblin (D:2)
  2 ball pythons (D:2)
  A rat (D:2)
13 creatures vanquished.

Notes
Turn   | Place    | Note
-------+----------+-------------------------------------------
     0 | D:1      | Colgate the Meteoran Necromancer began the quest for the
                  | Orb.
     0 | D:1      | Reached XP level 1. HP: 14/14 MP: 5/5
   180 | D:2      | Reached skill level 3 in Spellcasting
   212 | D:2      | Reached XP level 2. HP: 20/20 MP: 1/7
   268 | D:4      | Noticed a hound
   278 | D:4      | Killed a hound
   279 | D:4      | Reached skill level 4 in Spellcasting
   279 | D:4      | Reached XP level 3. HP: 9/26 MP: 3/10
   283 | D:4      | Learned a level 3 spell: Vampiric Draining
   291 | D:5      | Entered Level 5 of the Dungeon
   293 | D:5      | Noticed a phantom
   297 | D:4      | Reached XP level 4. HP: 33/33 MP: 7/11
   363 | D:4      | Learned a level 4 spell: Animate Dead
   378 | D:4      | Reached skill level 5 in Spellcasting
   399 | D:4      | Found a staircase to the Ecumenical Temple.
   404 | D:4      | Slain by an orc priest

Illustrated notes

Levels and vault maps discovered:
D:1:      dpeg_arrival_tiny_k, layout_rooms
D:2:      layout_loops_ring, minmay_misc_feat_plants, nrook_mini_vaults
D:3:      layout_loops_ring, lemuel_coloured_pillars_altar, serial_shops, shop,
          shapermc_ecumenical_altar_mp_ritualfount, nicolae_titane, uniq_jessica
D:4:      layout_gridville, minmay_temple_entry_proselytizer
D:5:      layout_loops_ring, nicolae_overflow_crystal_walls

Skill      XL: |  1  2  3  4 |
---------------+-------------+-----
Spellcasting   | 3 4 5 |  5.0
Dodging        | |  2.4
Stealth        | |  1.4
Necromancy     | |  4.9

Action                     |  1- 3 |  4- 6 || total
---------------------------+-------+-------++-------
  Melee: Hand axe          |     4 |       ||     4
         War axe           |       |     5 ||     5
   Cast: Necrotise         |    20 |       ||    20
         Vampiric Draining |       |     6 ||     6
    Use: Potion            |       |     1 ||     1
 Armour: Robe              |     1 |    10 ||    11
  Dodge: Dodged            |     6 |    17 ||    23

Table legend: (Time is in decaauts)
 A = Elapsed time spent in this place.
 B = Non-inter-level travel time spent in this place.
 C = Inter-level travel time spent in this place.
 D = Time resting spent in this place.
 E = Time spent auto-exploring this place.
 F = Levels seen in this place.
 G = Mean time per level.
                   A        B        C        D        E       F      G
               +--------+--------+--------+--------+--------+-----+--------+
         Total |    408 |    408 |      0 |      0 |      0 |   5 |   81.6 |
       Dungeon |    408 |    408 |      0 |      0 |      0 |   5 |   81.6 |
               +--------+--------+--------+--------+--------+-----+--------+

Top non-repeatable levels by time:
     D:2: 198 daAuts
     D:4: 131 daAuts
     D:1: 53 daAuts
     D:3: 16 daAuts
     D:5: 8 daAuts
